 Dungeon Crawl Stone Soup version 0.19-a0-459-gb8ed64d (webtiles) character file.

84 Duffy the Chopper (level 4, -2/39 HPs)
             Began as a Hill Orc Berserker on June 2, 2016.
             Was a Believer of Trog.
             Slain by a giant frog (7 damage)
             ... on level 7 of the Dungeon.
             The game lasted 00:01:24 (965 turns).

Duffy the Chopper (Hill Orc Berserker)               Turns: 965, Time: 00:01:25

Health: -2/39      AC:  5    Str: 19    XL:     4   Next: 46%
Magic:  4/4        EV: 11    Int:  8    God:    Trog [**....]
Gold:   46         SH:  0    Dex: 10    Spells: 0 memorised, 3 levels left

rFire  . . .     SeeInvis .     a - +0 hand axe
rCold  . . .     Gourm    .     d - +0 ring mail
rNeg   . . .     Faith    .     (no shield)
rPois  .         Spirit   .     (no helmet)
rElec  .         Dismiss  .     (no cloak)
rCorr  .         Reflect  .     (no gloves)
SustAt .         Harm     .     (no boots)
MR     .....                    (no amulet)
Stlth  ..........               (no ring)
                                (no ring)

@: exhausted, slowed, very slow, not resistant to hostile enchantments,
extremely unstealthy
A: no striking features
a: Berserk, Trog's Hand, Burn Spellbooks, Renounce Religion


You were on level 7 of the Dungeon.
You worshipped Trog.
Trog was pleased with you.
You were not hungry.

You visited 1 branch of the dungeon, and saw 5 of its levels.

You collected 46 gold pieces.


   Skills:
 - Level 3.6 Fighting
 + Level 6.8 Axes
 - Level 2.1 Armour
 - Level 1.5 Dodging


You had 3 spell levels left.
You didn't know any spells.

Inventory:

Hand Weapons
 a - a +0 hand axe (weapon)
Missiles
 f - 7 tomahawks (quivered)
Armour
 b - a +0 animal skin
 d - a +0 ring mail (worn)
Scrolls
 e - a scroll of amnesia {unknown}
 g - a scroll of teleportation {unknown}
Potions
 h - a potion of lignification {unknown}

Dungeon Overview and Level Annotations

Branches:
Dungeon (4/15)
 Temple: D:4-7

Altars:
Qazlal
Sif Muna
Uskayaw


Message History

You are too injured to fight recklessly!
You are too injured to fight recklessly!
You are too injured to fight recklessly!
You are too injured to fight recklessly!
You are too injured to fight recklessly!
You are too injured to fight recklessly!
You are too injured to fight recklessly!
You are too injured to fight recklessly!
You are too injured to fight recklessly!
You are too injured to fight recklessly!
Use which ability? (? or * to list)
A red film seems to cover your vision as you go berserk!
You feel yourself moving faster!
You feel mighty!
You feel somewhat more hungry. The phantom misses you.
You hit the phantom.
The phantom is lightly damaged.
The phantom hits you.
You closely miss the phantom.
The phantom is lightly damaged.
The phantom hits you.
The phantom blinks!
You swing at nothing.
You feel a strong urge to attack something.
You are no longer berserk.
You are exhausted.
You feel yourself slow down.
You see here a giant gecko corpse.
You fall through a shaft for 3 floors!
The shaft crumbles and collapses.
A giant frog, an orc and a zombie come into view.
The orc is wielding a trident of protection.
The orc shouts!
Found a war axe.
Found a stone staircase leading down.
Unknown command.
The orc misses you. The orc barely misses you.
The orc hits you but does no damage. The orc barely misses you.
The orc barely misses you.
The giant frog hits you but does no damage.
The orc hits you but does no damage. The giant frog hits you.
The giant frog misses you.
A crimson imp and a zombie come into view.
The crimson imp shouts!
The giant frog hits you but does no damage.
The orc hits you from afar with a trident of protection.
The crimson imp blinks!
The giant frog hits you. The giant frog completely misses you.
Found 11 arrows.
You slash the adder zombie! You barely miss the giant frog.
The giant frog hits you!
You die...

..( .... .....
#.0.. . .... ...
.. #..# .5. )..
#..# #.# ....
#..#######Z.#
.....##...##oZF@.#
...........>.#####
............##
............#
............#
##..........#
............#
#...........#
#...........#


You could see a giant frog, a crimson imp, an orc, a giant gecko zombie and an
adder zombie.

Action                   |  1- 3 |  4- 6 || total
-------------------------+-------+-------++-------
Melee: Hand axe          |    51 |    24 ||    75
Invok: Berserk           |     3 |     1 ||     4
  Eat: Bread ration      |     1 |       ||     1
Armor: Animal skin       |    11 |       ||    11
       Ring mail         |     6 |    10 ||    16
Dodge: Dodged            |    50 |    16 ||    66

Notes
Turn   | Place    | Note
--------------------------------------------------------------
     0 | D:1      | Duffy the Hill Orc Berserker began the quest for the Orb.
     0 | D:1      | Reached XP level 1. HP: 19/19 MP: 1/1
   128 | D:2      | Reached XP level 2. HP: 19/26 MP: 2/2
   293 | D:3      | Found a hide-covered altar of Uskayaw.
   339 | D:3      | Reached skill level 5 in Axes
   682 | D:3      | Reached XP level 3. HP: 25/31 MP: 3/3
   689 | D:3      | Reached skill level 6 in Axes
   692 | D:3      | Reached ** piety under Trog
   692 | D:3      | Reached XP level 4. HP: 33/39 MP: 4/4
   922 | D:4      | Found a deep blue altar of Sif Muna.
   931 | D:4      | Noticed a phantom
   940 | D:4      | Found a stormy altar of Qazlal.
   956 | D:4      | You fall through a shaft for 3 floors!
   956 | D:7      | Noticed a giant frog
   965 | D:7      | Slain by a giant frog

Skill      XL: |  1  2  3 |
---------------+----------+-----
Axes           | 5 6 |  6.8
Fighting       | |  3.6
Armour         | |  2.1
Dodging        | |  1.5

Vault maps used:
D:1:      lightli_arrival_windingriver
D:3:      overflow_temple_1_default, first_bread, kennysheep_generic_room_4,
          uniq_robin
D:4:      old_standard_altar, nicolae_overflow_hidden_temple
D:7:      grunt_pakellas_sulfur, basic_altar, serial_shops, shop

Vanquished Creatures
  An orc wizard
  An adder
  A worm
  A giant gecko
  8 orcs
  2 giant cockroaches
  2 goblins
  A hobgoblin
  A quokka
  2 bats
  2 giant newts
  6 kobolds
  5 rats
33 creatures vanquished.
